 Dungeon Crawl Stone Soup version 0.25-a0-547-g27a0b5d1ef (webtiles) character file.

Game seed: 3645376939885890240, levelgen mode: classic

6538 EnegeticOcto the Cleaver (level 10, -4/96 HPs)
             Began as a Deep Dwarf Fighter on Feb 21, 2020.
             Was a Believer of Makhleb.
             Slain by a manticore (8 damage)
             ... on level 11 of the Dungeon.
             The game lasted 00:04:01 (5561 turns).

EnegeticOcto the Cleaver (Deep Dwarf Fighter)       Turns: 5561, Time: 00:04:02

Health: -4/96      AC:  8    Str: 23      XL:     10   Next: 70%
Magic:  7/7        EV:  7    Int:  9      God:    Makhleb [**....]
Gold:   231        SH: 10    Dex:  8 (12) Spells: 9/9 levels left

rFire    . . .     SeeInvis +   a - +1 war axe
rCold    . . .     Gourm    +   c - +0 kite shield
rNeg     . . .     Faith    .   t - +0 plate armour
rPois    .         Spirit   .   (no helmet)
rElec    .         Reflect  .   d - +0 cloak
rCorr    .         Harm     .   (no gloves)
MR       +....                  s - +1 pair of boots
Stlth    ..........             r - amulet of the gourmand
HPRegen  0.00/turn              z - ring of see invisible
MPRegen  0.10/turn              (no ring)

@: barbed spikes, corroded, non-regenerating
A: damage resistance, heal wounds, sense surroundings 2, no regeneration
a: Heal Wounds, Minor Destruction, Renounce Religion


You were on level 11 of the Dungeon.
You worshipped Makhleb.
Makhleb was pleased with you.
You were full.

You visited 2 branches of the dungeon, and saw 13 of its levels.
You also visited: Sewer.

You collected 231 gold pieces.

Inventory:

Hand Weapons
 a - a +1 war axe (weapon)
Missiles
 b - a throwing net (quivered)
Armour
 c - a +0 kite shield (worn)
 d - a +0 cloak (worn)
 s - a +1 pair of boots (worn)
 t - a +0 plate armour (worn)
Jewellery
 r - an amulet of the gourmand (around neck)
 z - a ring of see invisible (left hand)
Wands
 f - a wand of paralysis (8)
 g - a wand of flame (27)
 p - a wand of polymorph (11)
Scrolls
 h - 2 scrolls of enchant armour
 i - 2 scrolls of fear
 j - 2 scrolls of fog
 l - 6 scrolls of teleportation {@r2}
 o - 3 scrolls of remove curse {@r6}
 u - a scroll of blinking {@r3}
 v - a scroll of immolation {@r4}
 y - a scroll of enchant weapon
Potions
 k - a potion of might {@q3}
 m - a potion of resistance {@q6}
 n - a potion of curing {@q1}
 q - 2 potions of lignification {@q7}
 w - a potion of invisibility
 x - 2 potions of flight
 A - a potion of mutation {unknown}
 B - 3 potions of heal wounds {unknown}
 C - a potion of haste {unknown}
Comestibles
 e - 8 rations


   Skills:
 * Level 7.9 Fighting
 * Level 9.0 Axes
 + Level 7.1 Armour
 + Level 5.9 Dodging
 + Level 7.0 Shields
 * Level 8.7 Invocations


You had 9 spell levels left.
You didn't know any spells.
Your spell library was empty.

Dungeon Overview and Level Annotations

Branches:
Dungeon (12/15)            Temple (1/1) D:5            Lair (0/6) D:9
  Sewer (visited)
    Orc: D:9-12

Altars:
Cheibriados
Elyvilon
Fedhas
Hepliaklqana
Kikubaaqudgha
Makhleb
Nemelex Xobeh
Okawaru
Ru
Uskayaw
Vehumet
Wu Jian
Xom
Yredelemnul
Zin
The Shining One

Annotations:
D:5 1 runed translucent door, Gruesome's ghost, novice DrEE


Innate Abilities, Weirdness & Mutations

You are resistant to damage.
You can heal yourself by infusing magical energy.
You passively map the area around you.
You do not regenerate.


Message History

No reachable target in view!
No reachable target in view!
No reachable target in view!
No reachable target in view!
No reachable target in view!
No reachable target in view!
No reachable target in view!
An acid dragon comes into view.
The acid dragon roars!
You see here a hunting sling.
A manticore comes into view.
The acid dragon spits acid at you.
The splash of acid hits you but does no damage.
The acid corrodes you!
You are splashed with acid!
You hit the acid dragon.
The acid dragon is moderately wounded.
The acid dragon bites you but does no damage.
You block the acid dragon's attack. The acid dragon spits acid at you.
You block the splash of acid.
You hit the acid dragon.
The acid dragon is moderately wounded.
You slash the ogre! The acid dragon bites you.
The acid dragon claws you but does no damage.
The ogre hits you with a +0 giant spiked club.
You slash the ogre!
The ogre is almost dead.
You slash the acid dragon!
The acid dragon bites you but does no damage.
You block the acid dragon's attack. The ogre closely misses you.
You slash the ogre!
You kill the ogre!
Makhleb accepts your kill.
You feel better.
Your Axes skill increases to level 9!
You hit the acid dragon. The acid dragon spits acid at you.
The splash of acid hits you!
You are splashed with acid!
You hit the acid dragon but do no damage.
The acid dragon is severely wounded.
The acid dragon bites you but does no damage.
The acid dragon barely misses you.
You closely miss the acid dragon.
The acid dragon is severely wounded.
You block the acid dragon's attack.
The acid dragon claws you but does no damage.
The manticore flicks its tail.
The volley of spikes hits you!
The barbed spikes become lodged in your body.
Your shield and plate armour prevent you from hitting the acid dragon.
The acid dragon is severely wounded.
You block the acid dragon's attack.
The acid dragon claws you but does no damage.
The manticore flicks its tail.
The volley of spikes hits you!
The barbed spikes become lodged in your body.
You are too injured to fight recklessly!
You are too injured to fight recklessly!
You are too injured to fight recklessly!
You are too injured to fight recklessly!
You are too injured to fight recklessly!
Your magical essence is drained by the effort!
You feel much better.
The acid dragon bites you but does no damage.
The acid dragon claws you but does no damage.
You feel much better. The acid dragon spits acid at you.
The splash of acid hits you! The acid corrodes you!
You are splashed with acid!
You hit the acid dragon but do no damage.
The acid dragon is severely wounded.
You slash the manticore! The acid dragon barely misses you.
The acid dragon claws you but does no damage.
The manticore bites you!! The manticore barely misses you.
The manticore claws you. The acid dragon bites you. The acid dragon claws you.
You hit the acid dragon but do no damage.
The acid dragon is severely wounded.
You hit the manticore but do no damage. The manticore bites you!
The manticore claws you!
* * * LOW HITPOINT WARNING * * *
The manticore claws you!
* * * LOW HITPOINT WARNING * * *
The acid dragon bites you but does no damage.
You block the acid dragon's attack. The manticore bites you!
* * * LOW HITPOINT WARNING * * *
The manticore claws you but does no damage.
The manticore barely misses you.
You are too injured to fight recklessly!
You are too injured to fight recklessly!
You are too injured to fight recklessly!
You are too injured to fight recklessly!
You are too injured to fight recklessly!
You are too injured to fight recklessly!
You are too injured to fight recklessly!
You are too injured to fight recklessly!
You are too injured to fight recklessly!
You are too injured to fight recklessly!
You fail to use your ability.
You block the acid dragon's attack.
The acid dragon claws you but does no damage.
The manticore bites you!
You die...

* , , , ,#. *
###..H * O.
..##.#, #.*
*#.##.# #.*
#.##.# #.
#.##.# #^*
#.##.# #
#.####.##.#.##
#.>...)@H)...#
######D#####.#
#.# *, #.# ,
#.# * #.# #.#
* #.# , ,


You could see a manticore and an acid dragon.

Vanquished Creatures
  Erolcha (D:10)
  2 gargoyles (D:10)
  2 hippogriffs
  A hungry ghost (D:10)
  5 porcupines (D:9)
  A sky beast (D:8)
  3 black bears (D:9)
  3 orc warriors
  5 ice beasts
  2 eyes of draining
  3 centaurs
  5 phantoms
  3 ogres
  2 crocodiles
  4 bullfrogs
  A big kobold (D:8)
  3 scorpions
  5 wights (D:9)
  3 howler monkeys
  5 crimson imps
  A centaur zombie (D:5)
  A quasit (D:10)
  2 hounds
  A centaur skeleton (D:4)
  2 jellies
  4 orc priests
  Crazy Yiuf (D:4)
  2 iguanas (D:4)
  8 orc wizards
  2 worker ants
  4 gnolls (D:6)
  10 adders
  A river rat (D:3)
  An ooze (D:3)
  An adder skeleton (D:6)
  4 worms
  6 leopard geckos
  35 orcs
  A ball python (D:8)
  2 bats
  7 giant cockroaches
  4 goblins
  3 hobgoblins
  4 jackals
  5 quokkas
  A frilled lizard (D:4)
  6 kobolds
  A quokka skeleton (D:8)
  A rat (D:3)
  A spectral orc (D:9)
  3 fungi
184 creatures vanquished.

Vanquished Creatures (others)
  A leopard gecko (D:4)
  10 fungi (D:9)
  2 plants
13 creatures vanquished.

Grand Total: 197 creatures vanquished

Notes
Turn   | Place    | Note
-------+----------+-------------------------------------------
     0 | D:1      | EnegeticOcto the Deep Dwarf Fighter began the quest for the
                  | Orb.
     0 | D:1      | Reached XP level 1. HP: 20/20 MP: 1/1
   175 | D:2      | Reached XP level 2. HP: 24/27 MP: 2/2
   559 | D:3      | Reached XP level 3. HP: 26/34 MP: 3/3
   605 | D:3      | Reached skill level 3 in Axes
   605 | D:3      | Reached skill level 1 in Dodging
   612 | D:3      | Found a glowing drain.
   627 | Sewer    | Entered a sewer
   641 | Sewer    | Reached XP level 4. HP: 39/42 MP: 3/3
   687 | Sewer    | Noticed a crocodile
   694 | Sewer    | Killed a crocodile
   694 | Sewer    | Reached XP level 5. HP: 38/50 MP: 4/4
   892 | D:4      | Noticed a phantom
   905 | D:4      | Reached skill level 4 in Axes
   905 | D:4      | Reached XP level 6. HP: 26/57 MP: 5/5
   928 | D:4      | Found a shimmering altar of Xom.
  1457 | D:4      | Found a runed translucent door.
  1458 | D:4      | Noticed Crazy Yiuf
  1470 | D:4      | Killed Crazy Yiuf
  1470 | D:4      | Reached XP level 7. HP: 38/66 MP: 0/6
  1593 | D:5      | Entered Level 5 of the Dungeon
  1656 | D:5      | Found a staircase to the Ecumenical Temple.
  1677 | D:5      | Reached skill level 5 in Axes
  1700 | Temple   | Entered the Ecumenical Temple
  1773 | Temple   | Became a worshipper of Makhleb the Destroyer
  1879 | D:5      | Found a runed translucent door.
  1882 | D:5      | Noticed Gruesome's ghost (novice DrEE)
  2231 | D:5      | Reached skill level 5 in Fighting
  2231 | D:5      | Reached skill level 1 in Invocations
  2580 | D:6      | Reached skill level 5 in Shields
  2587 | D:6      | Reached skill level 5 in Armour
  2705 | D:6      | Found a blossoming altar of Fedhas.
  2735 | D:6      | Reached XP level 8. HP: 56/74 MP: 7/7
  3413 | D:7      | Reached skill level 6 in Axes
  3511 | D:7      | Reached * piety under Makhleb
  3617 | D:7      | Found a sparkling altar of Nemelex Xobeh.
  3962 | D:8      | Noticed a hippogriff
  3977 | D:8      | Killed a hippogriff
  4082 | D:8      | Reached skill level 5 in Invocations
  4082 | D:8      | Gained mutation: You passively map the area around you.
                  | [Deep Dwarf growth]
  4082 | D:8      | Reached XP level 9. HP: 45/82 MP: 9/9
  4175 | D:8      | Reached skill level 7 in Axes
  4304 | D:8      | Found an ancient bone altar of Kikubaaqudgha.
  4614 | D:9      | Found a basalt altar of Yredelemnul.
  4715 | D:9      | Reached skill level 5 in Dodging
  4768 | D:9      | Reached ** piety under Makhleb
  4793 | D:9      | Found a staircase to the Lair.
  4825 | D:9      | Reached skill level 8 in Axes
  4825 | D:9      | Reached XP level 10. HP: 61/94 MP: 10/10
  4842 | D:9      | Found a radiant altar of Vehumet.
  5247 | D:10     | Entered Level 10 of the Dungeon
  5376 | D:10     | Noticed a gargoyle
  5376 | D:10     | Noticed a gargoyle
  5399 | D:10     | Killed a gargoyle
  5412 | D:10     | Killed a gargoyle
  5463 | D:10     | Noticed Erolcha
  5486 | D:10     | Killed Erolcha
  5536 | D:10     | You fall into a shaft and drop 2 floors!
  5538 | D:12     | Noticed a green ugly thing
  5548 | D:11     | Noticed a manticore
  5553 | D:11     | Reached skill level 9 in Axes
  5560 | D:11     | HP: 4/96 [manticore (15)]
  5561 | D:11     | Slain by a manticore

Levels and vault maps discovered:
D:1:      dpeg_arrival_tiny_a, layout_basic, minmay_misc_feat_tiny
D:2:      layout_basic, nemelex_spade_bored_becter
D:3:      layout_loops_ring, portal_sewer_entry_e, nemelex_dance_club_becter
D:4:      layout_cave_pools, xom_confusion_cloud, uniq_crazy_yiuf_cottage
D:5:      layout_cave_pools, minmay_temple_entry_mini_moons, first_ration,
          gammafunk_ghost_grave, kennysheep_boxes
D:6:      layout_cave_pods, fedhas_altar_2
D:7:      layout_loops_ring, lemuel_crystal_altar
D:8:      layout_rooms, kiku_gazebo_garden_becter
D:9:      layout_irregular_city, vehumet_altar_wand_db,
          yredelemnul_forgotten_temple_becter, due_lair_maze_entry_diamond
D:10:     layout_irregular_city, serial_shops, nicolae_shop_overgrown_old_shop,
          uniq_fannar, uniq_joseph, uniq_erolcha
D:11:     layout_loops_ring, erik_orc_2, minmay_lizard_king
D:12:     layout_rooms, grunt_tengu_nest
Temple:   bh_familiar_temple

Skill      XL: |  1  2  3  4  5  6  7  8  9 10 |
---------------+-------------------------------+-----
Fighting       | 3 4 5 6 7 |  7.9
Axes           | 3 4 5 6 8 9 |  9.0
Dodging        | 1 2 3 4 5 |  5.9
Armour         | 4 5 6 7 |  7.1
Shields        | 4 5 6 7 |  7.0
Invocations    | 2 5 7 8 |  8.7

Action                   |  1- 3 |  4- 6 |  7- 9 | 10-12 || total
-------------------------+-------+-------+-------+-------++-------
Melee: War axe           |    98 |   119 |   468 |   188 ||   873
 Abil: Heal Wounds       |     1 |     3 |    12 |    12 ||    28
  Use: Scroll            |       |       |    17 |       ||    17
  Eat: Chunk             |       |     2 |    24 |     7 ||    33
       Ration            |       |       |     1 |       ||     1
Armor: Scale mail        |    13 |       |       |       ||    13
       Chain mail        |    56 |    70 |     1 |       ||   127
       Plate armour      |       |       |   241 |   112 ||   353
Dodge: Dodged            |    28 |    56 |   103 |    64 ||   251
Block: Kite shield       |    61 |    89 |   289 |   127 ||   566

Table legend:
 A = Non-vault XP
 B = Vault XP
 C = Vault XP percentage of total XP
 D = Non-vault monster count
 E = Vault monster count
 F = Vault count percentage of total count
                 A         B        C        D         E       F
            +---------+---------+-------+---------+---------+-------
      Total |    6642 |    2698 |  28.9 |     148 |      33 |  18.2
            +---------+---------+-------+---------+---------+-------
        D:1 |       6 |       0 |   0.0 |       3 |       0 |   0.0
        D:2 |      24 |       0 |   0.0 |       6 |       0 |   0.0
        D:3 |      36 |      40 |  52.6 |      13 |       8 |  38.1
        D:4 |     248 |     291 |  54.0 |      23 |       6 |  20.7
        D:5 |     391 |       0 |   0.0 |      12 |       0 |   0.0
        D:6 |     503 |       0 |   0.0 |      14 |       0 |   0.0
        D:7 |     641 |       0 |   0.0 |      15 |       0 |   0.0
        D:8 |    1503 |       0 |   0.0 |      25 |       0 |   0.0
        D:9 |    1694 |    1260 |  42.7 |      28 |      12 |  30.0
       D:10 |    1478 |     999 |  40.3 |       8 |       1 |  11.1
       D:11 |     118 |       0 |   0.0 |       1 |       0 |   0.0
      Sewer |       0 |     108 | 100.0 |       0 |       6 | 100.0
            +---------+---------+-------+---------+---------+-------
